[Event "Oceania Zonal Women 2023"]
[Site "Melbourne"]
[Date "2023.01.24"]
[Round "3.1"]
[White "Cheng, Chao Xin"]
[Black "Ryjanova, Julia"]
[Result "0-1"]
[ECO "B50"]
[WhiteElo "1806"]
[BlackElo "2288"]
[Annotator "TA"]
[PlyCount "105"]
[EventDate "2023.01.09"]
[EventType "swiss"]
[EventCountry "AUS"]
[SourceTitle "playchess.com"]
[Source "ChessBase"]
[SourceQuality "1"]
[TimeControl "5400+30"]

1. e4 c5 2. Nf3 d6 3. c3 Nf6 4. Be2 Bg4 5. O-O e6 6. Re1 {[%emt 0:02:01] B50: Sicilian: 2...d6, Miscellaneous.} Nc6 7. d3 Be7 8. Bf4 {[%emt 0:03:48] The position is equal.} O-O 9. h3 Bh5 10. Nbd2 d5 {[%emt 0:05:38] [#]} 11. e5 $146 (11. Ne5 $11 Nxe5 12. Bxe5) ({Predecessor:} 11. Qb3 Qb6 12. Qxb6 axb6 13. a4 Bg6 14. Nh4 dxe4 15. Nxg6 fxg6 16. dxe4 Nxe4 17. Nxe4 Rxf4 18. Bc4 {1-0 Dumitrica,S-Gheorghe,N ROM-chT2 email 2006}) 11... Nd7 $15 12. d4 Qb6 $1 13. Qb3 Bg6 14. Qxb6 Nxb6 15. Bd1 {[%emt 0:09:37] Repels Na4} cxd4 16. Nxd4 Nxd4 17. cxd4 Rfc8 18. Bb3 a5 19. a4 Rc6 20. Rac1 (20. Rec1 $142) 20... Rac8 $1 $17 21. Rxc6 Rxc6 22. g3 Bb4 23. Ra1 Kf8 {[%emt 0:05:35] Black is more active.} 24. Be3 (24. Rd1 $17) 24... Bc2 $19 {[%emt 0:05:20] ...Bxd2 is the strong threat.} 25. Rc1 Bxd2 (25... Bxb3 $19 26. Nxb3 Nxa4 27. Rxc6 bxc6) 26. Rxc2 $17 Rxc2 27. Bxc2 Bxe3 28. fxe3 $19 {[%emt 0:00:06][%mdl 4096] Endgame KB-KN} Nc4 29. Kf2 Nxb2 30. Ke2 Nc4 31. e4 Nb6 32. exd5 Nxd5 33. Bb3 Ke7 34. Kd3 Kd7 35. Bc4 (35. Bd1 $17) 35... Nc7 $1 36. Bb3 {[%emt 0:01:43] [#]} (36. Kc3 $17 {was called for.}) 36... Kc6 $1 37. Kc4 Na8 (37... Nd5 $19 38. g4 h6) 38. g4 (38. Bc2 $17 Nb6+ 39. Kc3) 38... Nb6+ 39. Kd3 Nd5 40. h4 b5 {[%emt 0:00:40] And now ...Nb6 would win.} 41. g5 $2 (41. Bd1) 41... g6 {[%emt 0:00:21] Strongly threatening ...Nb6.} 42. Bd1 Nf4+ (42... Kb6 $142 43. Bb3 Nf4+ 44. Ke3 Ng2+ 45. Ke4 bxa4 46. Bxa4 Kc7) 43. Ke4 {[%emt 0:00:18] [#]} Nd5 (43... Nh5 $1 $17 44. Bb3 Ng3+ 45. Kd3 b4) 44. Kd3 $1 Kb6 45. Kd2 Ne7 (45... Nf4 $19 46. Bb3 Ng2 47. axb5 Nxh4) 46. h5 Nf5 47. hxg6 $2 (47. Kd3 {nothing else works.}) 47... hxg6 ({Stronger than} 47... fxg6 48. Kd3 $17) 48. Kd3 Ne7 49. Kd2 Nd5 50. Kd3 Nf4+ 51. Ke4 Nh3 {[%emt 0:00:19] ( -> ...Nf2+)} 52. d5 (52. Bb3 $19 Nxg5+ 53. Ke3) 52... Nf2+ 53. Kd4 {[%emt 0:01:13] Weighted Error Value: White=0.46/Black=0.20 (precise)} 0-1

[Event "Oceania Zonal Women 2023"]
[Site "Melbourne"]
[Date "2023.01.24"]
[Round "3.2"]
[White "Fan, Chloe"]
[Black "Punsalan, Vyanla M"]
[Result "1/2-1/2"]
[ECO "B13"]
[WhiteElo "1554"]
[BlackElo "1989"]
[Annotator "TA"]
[PlyCount "154"]
[EventDate "2023.01.09"]
[EventType "swiss"]
[EventCountry "AUS"]
[SourceTitle "playchess.com"]
[Source "ChessBase"]
[SourceQuality "1"]
[TimeControl "5400+30"]

1. e4 c6 2. d4 d5 3. exd5 cxd5 4. Bd3 Nc6 5. c3 Nf6 6. Bf4 e6 7. Nd2 Bd6 8. Bxd6 Qxd6 9. Ngf3 O-O 10. O-O b6 11. Re1 a5 {[%emt 0:05:21] B13: Caro-Kann: Exchange Variation and Panov-Botvinnik Attack.} 12. a4 Ba6 13. Bxa6 Rxa6 14. Ne5 {[%emt 0:01:50] [#]} Ne7 $146 ({Predecessor:} 14... Raa8 15. Qe2 Qc7 16. Ndf3 Ne4 17. Nxc6 Qxc6 18. Ne5 Qb7 19. Qg4 Rab8 20. Re3 b5 21. Qd1 Qc7 22. Re2 Rfc8 23. Nd3 h6 24. f3 Nd6 25. Nc5 Qc6 {½-½ Deans,M (2217)-Baron,M (2013) GB TT4/D3 email 2017 [2]}) 15. h3 Rb8 16. Qe2 Ra7 17. Nb1 Ne8 18. Na3 {[%emt 0:05:03] Nb5 would be deadly.} Nc7 19. Nb5 Nxb5 20. Qxb5 f6 21. Nf3 Rc7 22. Re2 Ng6 23. g3 e5 24. dxe5 fxe5 25. Rae1 e4 26. Nd4 Rc5 27. Qb3 Kh8 28. Nb5 Qd7 29. Kg2 Rf8 (29... Ne5 $5 ) 30. Rd2 {[%emt 0:09:55] aiming for Rxe4.} Qf7 31. Nd4 {[%emt 0:00:50] Repels Qf3+} Qf6 32. Qd1 Ne5 {[%emt 0:03:20] Against f3} 33. Rf1 Qh6 34. Nb3 Nc4 {[%emt 0:03:56] [#]} (34... Rc6 $11 {remains equal.}) 35. Rxd5 (35. Re2 $1 $16 Rcc8 36. Qxd5) 35... Nxb2 $11 36. Rd8 Rc8 37. Rxc8 Rxc8 38. Qe2 (38. Qd7 $11 Rf8 39. Nd4) 38... Nxa4 $17 39. Qxe4 {[%emt 0:01:13] Re1 is the strong threat.} Qc6 40. Nd2 (40. Qxc6 $17 Rxc6 41. Re1) 40... Nxc3 $19 {[%emt 0:00:57][%mdl 64] [#] Pin} 41. Qxc6 Rxc6 {[%emt 0:00:02][%mdl 4096] Endgame KRN-KRN} 42. Re1 (42. Nb1 {was necessary.} b5 43. Nxc3 Rxc3 44. Rb1) 42... h6 43. Nb3 Rd6 {[%emt 0:01:30] Against Nd4} 44. Rc1 Rd3 45. Rc2 {[%emt 0:00:18] Threatens to win with Nc1.} Nd5 46. Nc1 (46. Nxa5 $142 bxa5 47. Ra2) 46... Rc3 47. Rxc3 Nxc3 {[%emt 0:00:04] KN-KN} 48. Kf3 Kg8 49. Ke3 Kf7 50. Kd4 Nd1 51. Nd3 Ke6 52. Kc4 Kd6 53. Kb5 $2 (53. f3) 53... Kd5 ({Inferior is} 53... Kc7 54. Kc4 $17) 54. Kxb6 a4 55. Kb5 Kd4 {[%emt 0:00:19][%mdl 64] Deflection} 56. Ne1 Nxf2 (56... Nb2 $142 57. Nc2+ Kc3) 57. Kxa4 Nxh3 58. Nf3+ Ke3 59. Nh4 Ke4 60. Kb3 g5 61. Ng6 Kf3 62. Ne7 h5 (62... Kxg3 63. Nf5+ Kg4 64. Nxh6+ Kf4 65. Kc3 $15) 63. Nf5 Kg4 64. Ng7 Ng1 ({And not} 64... Kxg3 65. Nxh5+ Kg4 66. Ng7 $17) 65. Kc2 Ne2 (65... Kxg3 66. Nxh5+ Kf3 67. Nf6 $11) 66. Kd1 Nxg3 67. Ke1 h4 68. Kf2 h3 69. Kg1 Kf3 70. Ne6 Ne2+ $2 (70... g4 {mates} 71. Nd4+ Kf4 72. Ne6+ Ke3 73. Kh2 Nf1+ 74. Kg1 h2+ 75. Kh1 g3 76. Ng5 Nd2 77. Kg2 Ne4 78. Nxe4 Kxe4 79. Kh1 Kf4 80. Kg2 h1=R {[%mdl 64] Deflection, Promotion} 81. Kxh1 Kf3 82. Kg1 g2 83. Kh2 Kf2 84. Kh3 g1=Q 85. Kh4 Qg6 86. Kh3 Qh5#) 71. Kh2 $11 g4 (71... Kg4 {simplifies} 72. Nxg5 Nf4 73. Nxh3 Nxh3 74. Kh1 Kf3) 72. Ng5+ Ke3 73. Nxh3 $1 Nf4 ({Better is} 73... gxh3 $11 74. Kxh3) 74. Nxf4 $17 {[%emt 0:00:46][%mdl 64] Remove Defender} Kxf4 75. Kg2 g3 (75... Kg5 $17) 76. Kg1 $11 Kf3 {[%emt 0:00:19] ( -> ...g2)} (76... Ke3 $5) 77. Kf1 Ke4 {[%emt 0:00:46] Whites escaped into a draw.   Weighted Error Value: White=0.77/Black=0.20 (precise)} 1/2-1/2

[Event "Oceania Zonal Women 2023"]
[Site "Melbourne"]
[Date "2023.01.24"]
[Round "3.3"]
[White "Zhang, Jasmine Haomo"]
[Black "Vincent Alaina"]
[Result "0-1"]
[ECO "A45"]
[WhiteElo "1949"]
[BlackElo "1897"]
[Annotator "TA"]
[PlyCount "94"]
[EventDate "2023.01.09"]
[EventType "swiss"]
[EventCountry "AUS"]
[SourceTitle "playchess.com"]
[Source "ChessBase"]
[SourceQuality "1"]
[TimeControl "5400+30"]

1. d4 Nf6 2. Bf4 c5 3. d5 d6 4. Nc3 Bf5 5. f3 Qb6 (5... e5 $11 6. e4 Bxe4) 6. Rb1 {[%emt 0:01:27] [#] A45: Trompowsky Attack.} g6 $146 ({Predecessor:} 6... Nbd7 7. e4 Bg6 8. h4 h5 9. Nh3 O-O-O 10. Ng5 Ne5 11. Qd2 Ne8 12. a4 a6 {1-0 Carre,S (2127)-Ferguson,R (2058) Titled Tuesday intern op 01st Mar Early blitz 2022 (4)}) 7. e4 Bd7 8. Bc4 {[%emt 0:07:15] White is slightly better.} Bg7 ({Don't play} 8... Qb4 9. Qd3 $16) 9. Nge2 Qb4 10. Qd3 a6 {[%emt 0:00:20] [#] White must now prevent ...b5.} 11. a3 Qa5 12. Bd2 Qc7 13. a4 Bc8 14. f4 Nbd7 15. Nd1 h5 (15... O-O $11) 16. h3 b6 17. O-O Qa7 18. Bc3 O-O 19. Ra1 Qb7 20. Ne3 Rb8 $1 21. e5 b5 22. Ba2 (22. exf6 $14 bxc4 23. Qxc4 Bxf6 24. b3) 22... c4 $11 23. Nxc4 {[%emt 0:00:11] This move loses the game for White.} (23. Qd4 $11 {and White has nothing to worry.} Nh7 24. axb5 axb5 25. Qe4) 23... bxc4 $19 24. Bxc4 Nc5 25. Qd1 (25. exf6 {was the only chance.} Nxd3 26. fxg7 Nxb2 27. gxf8=Q+ Kxf8 28. Bb3) 25... Nfe4 26. Bd4 Bf5 27. b3 Rfd8 28. Nc1 (28. exd6 {is a better defense.} Bxd4+ 29. Nxd4 Rxd6 30. Nxf5 gxf5 31. Qe1) 28... e6 29. g4 exd5 30. gxf5 (30. Bxa6 $142 Qxa6 31. gxf5) 30... dxc4 31. e6 fxe6 32. fxg6 Ng3 33. Bxg7 Qxg7 (33... Qh1+ $142 34. Kf2 Nce4+ {[%mdl 64] Deflection} 35. Ke3 Nf5+ 36. Ke2 Qg2+ 37. Ke1 Qg3+ 38. Ke2 Qe3#) 34. Rf3 h4 35. Rb1 Qxg6 36. Kh2 Nce4 {[%emt 0:01:30] Threatens to win with ...Kh7.} 37. Ne2 Kh7 {[%emt 0:00:46] Strongly threatening ...Rg8.} 38. f5 exf5 39. Nf4 Qf6 {[%emt 0:00:47] And now ...Rg8 would win.} 40. Nd5 Qe5 {[%emt 0:01:14] [#] ( -> ...Nf1+)} 41. Rf4 {[%emt 0:00:54] Inhibits Nf1+.} Kg7 42. Kg2 Rg8 {[%emt 0:04:39] ...Kh6 is the strong threat.} 43. bxc4 Nc3 (43... Rxb1 $142 44. Qxb1 Ne2 45. Qf1 Nxf4+ 46. Nxf4 Kf7+ 47. Kh2 Rg3 48. Kh1 Nd2 {[%mdl 64] Deflection} 49. Qd1 Qe4+ 50. Kh2 Qxf4 51. Qe2 Nf3+ 52. Qxf3 Qxf3 53. a5 Qg2#) 44. Rg4+ fxg4 45. Qxg4+ Kh8 (45... Kh7 $142 46. Rc1 Nge2 47. Nf6+ Qxf6 48. Rf1 Rxg4+ 49. hxg4 h3+ {[%mdl 64] Decoy} 50. Kxh3 Qxf1+ 51. Kh4 Qf4 52. Kh5 Qh6#) 46. Rxb8 Rxb8 47. Qxh4+ Nh5 {[%emt 0:00:54] Artfully played by Vincent Alaina.   Weighted Error Value: White=1.19/Black=0.57} 0-1

[Event "Oceania Zonal Women 2023"]
[Site "Melbourne"]
[Date "2023.01.24"]
[Round "3.4"]
[White "Zhang, Jilin"]
[Black "Xu, Luna Yuexiu"]
[Result "1-0"]
[ECO "B92"]
[WhiteElo "2212"]
[BlackElo "1446"]
[Annotator "TA"]
[PlyCount "71"]
[EventDate "2023.01.09"]
[EventType "swiss"]
[EventCountry "AUS"]
[SourceTitle "playchess.com"]
[Source "ChessBase"]
[SourceQuality "1"]
[TimeControl "5400+30"]

1. e4 c5 2. Nf3 d6 3. d4 cxd4 4. Nxd4 Nf6 5. Nc3 a6 6. Be2 e5 7. Nb3 Be7 8. O-O O-O 9. Kh1 Be6 10. f4 exf4 11. Bxf4 Nc6 12. Nd4 Qc7 {[%emt 0:03:48] B92: Sicilian Najdorf: 6 Be2.} 13. Nxe6 $1 fxe6 14. Bc4 {[%emt 0:00:09] This pair of bishops is nice.} Nd8 {[%emt 0:01:47] White is slightly better.} 15. Bb3 Kh8 16. Qe2 {[%emt 0:03:08] [#]} e5 $146 (16... Nd7 $14) ({Predecessor:} 16... Nd7 17. Rad1 Nc5 18. Qg4 b5 19. a3 Rc8 20. Rf3 Nxb3 21. cxb3 Nb7 22. Rh3 Rf6 {1-0 Baze,L-Santiago,R Michigan op USA 1999}) 17. Bg5 $16 Nc6 18. Bxf6 $1 Bxf6 {[%emt 0:00:18] Black is weak on the light squares} 19. Nd5 Qd8 20. c3 {[%emt 0:02:01] Inhibits Nd4. White is much more active.} Rc8 21. Rf3 Bg5 (21... Na5 $16 {was necessary.} 22. Raf1 Nxb3) 22. Raf1 Rxf3 23. Qxf3 {[%emt 0:00:07] Hoping for Qg4.} ({Much worse is} 23. gxf3 $6 h6 $11) 23... Ne7 $2 {[%emt 0:00:58] [#]} (23... Rb8 $16 24. Qg4 Bh6) 24. Nb6 $1 $18 Rb8 {[%emt 0:01:12][%cal Oe7g8] [#]} (24... Qxb6 $2 25. Qf8+ $18) 25. Nd7 $1 {[%emt 0:00:22][%mdl 512] Black must now prevent Qg4.} Rc8 (25... Qxd7 $2 26. Qf8+ $18) 26. Nf8 Bf6 $2 {[%emt 0:00:51] [#]} (26... Qe8 27. Qh3 h6) 27. Nxh7 $1 {[%emt 0:00:27][%mdl 576] White wants to mate with Qh3. Decoy. White is clearly winning.} Ng8 28. Qh5 Nh6 29. Nxf6 {[%emt 0:00:37][%cal Oh5g6] White threatens Qg6! and mate.} Qf8 {[%emt 0:00:09] [#]} 30. Qg6 $1 gxf6 31. Rxf6 Qg7 32. Qxh6+ Qxh6 33. Rxh6+ Kg7 34. Rxd6 Rf8 35. Kg1 {[%emt 0:00:07] Rb6 would be deadly.} Rf4 36. Bd5 {[%emt 0:00:08] White took control after the opening. A cool game by Zhang.   Weighted Error Value: White=0.08 (flawless) /Black=0.37} 1-0

[Event "Oceania Zonal Women 2023"]
[Site "Melbourne"]
[Date "2023.01.24"]
[Round "3.5"]
[White "Gratchev, Elizaveta"]
[Black "Middleton, Jody"]
[Result "0-1"]
[ECO "A08"]
[WhiteElo "1385"]
[BlackElo "1748"]
[Annotator "NA COMBH"]
[PlyCount "76"]
[EventDate "2023.01.09"]
[EventType "swiss"]
[EventCountry "AUS"]
[SourceTitle "playchess.com"]
[Source "ChessBase"]
[SourceQuality "1"]
[TimeControl "5400+30"]

1. e4 e6 2. d3 d5 3. Nd2 c5 4. Ngf3 Nc6 5. g3 Bd6 6. Bg2 Nge7 7. O-O O-O 8. Re1 Ng6 9. h4 d4 10. Nc4 Bc7 11. h5 Nge5 12. h6 g6 13. Ncxe5 Nxe5 14. Bf4 Nxf3+ 15. Qxf3 e5 16. Bd2 Bd6 17. Qe2 Re8 18. Rf1 Bf8 19. Rae1 a5 20. Bf3 Ra6 21. Bg4 f5 22. exf5 gxf5 23. Bh5 Ree6 24. Qf3 Qf6 25. g4 Bxh6 26. Bxh6 Qxh6 27. gxf5 Qg5+ 28. Kh2 Qh4+ 29. Kg2 Rh6 30. Rh1 Qg5+ 31. Kf1 Qxf5 32. Qd5+ Qe6 33. Qd8+ Kg7 34. Rg1+ Rg6 35. Bxg6 Qh3+ 36. Ke2 Bg4+ 37. f3 Qxf3+ 38. Kd2 Qf4+ 0-1

[Event "Oceania Zonal Women 2023"]
[Site "Melbourne"]
[Date "2023.01.24"]
[Round "3.6"]
[White "Zeng, Vera"]
[Black "Lu, Lillian"]
[Result "1/2-1/2"]
[ECO "D13"]
[WhiteElo "1527"]
[BlackElo "1689"]
[Annotator "NA COMBH"]
[PlyCount "74"]
[EventDate "2023.01.09"]
[EventType "swiss"]
[EventCountry "AUS"]
[SourceTitle "playchess.com"]
[Source "ChessBase"]
[SourceQuality "1"]
[TimeControl "5400+30"]

1. d4 d5 2. c4 c6 3. cxd5 cxd5 4. Nc3 Nf6 5. Nf3 Nc6 6. Bf4 a6 7. e3 e6 8. Bd3 Be7 9. O-O b5 10. Rc1 Bb7 11. a3 b4 12. axb4 Nxb4 13. Na4 Bd6 14. Bxd6 Qxd6 15. Nc5 Bc6 16. Ne5 Nxd3 17. Nexd3 O-O 18. Qd2 Bb5 19. Ra1 Ne4 20. Qc2 Rfc8 21. b4 Qb6 22. Rfb1 a5 23. bxa5 Rxa5 24. Qb2 Nd6 25. Rxa5 Qxa5 26. Nb7 Nxb7 27. Qxb5 Qxb5 28. Rxb5 Nd6 29. Rc5 Kf8 30. Kf1 Rb8 31. Ke2 Rb7 32. Ra5 g6 33. Kf3 Kg7 34. Nc5 Re7 35. Nd3 Ne4 36. Ke2 Rc7 37. Nc5 Nd6 1/2-1/2